Map: Neon Violet Square LE

Players

UltimateOwn

  • Race: Protoss Protoss
  • League: Diamond
  • Spawn Location: 11:00

DerZerFetzer - Winner!

  • Race: Zerg Zerg
  • League: Master
  • Spawn Location: 5:00

VOD

Have the link to the VOD?

Description

zvp 6ling,3ravager,macro cancelling the nexus kill some pylons and macro behind

Time

  • Played on: Feb. 12, 2018, 12:37 p.m.
  • Length: 6:41
Show
View Real Time Build Order
Export as new Build Order

UltimateOwn Protoss 

Build Orders: 1 Gate Expand 

Get SALT Encoding   

  12  0:00  Probe (Chrono Boost)  
  13  0:12  Probe (Chrono Boost)  
  14  0:22  Pylon  
  14  0:23  Probe  
  15  0:40  Probe  
  15  0:42  Gateway  
  16  0:45  Assimilator  
  16  0:52  Probe  
  17  1:04  Probe  
  18  1:16  Probe  
  19  1:23  Nexus  
  19  1:34  Cybernetics Core  
  19  1:36  Probe (Chrono Boost)  
  20  1:45  Probe (Chrono Boost)  
  21  1:47  Assimilator  
  21  1:51  Probe, Pylon  
  22  2:05  Probe  
  22  2:08  Warp Gate (Chrono Boost)  
  23  2:10  Stalker (Chrono Boost)  
  25  2:17  Probe  
  25  2:32  Shield Battery, Pylon  
  25  2:35  Sentry (Chrono Boost)  
  27  2:58  Adept  
  27  3:02  Twilight Council  
  27  3:05  Gateway  
  29  3:07  Gateway  
  29  3:38  Shield Battery  
  29  3:40  Pylon  
  29  3:45  Shield Battery  
  29  3:47  Pylon  
  29  3:49  Pylon  
  27  3:58  Pylon  
  27  3:59  Shield Battery  
  27  4:00  Pylon  
  22  4:05  Stalker  
  24  4:13  Stalker  
  26  4:26  Shield Battery  
  26  4:30  Pylon  
  26  4:31  Shield Battery  
  26  4:35  Shield Battery  
  26  4:38  Stalker  
  28  5:07  Stalker x3  
  34  5:29  Pylon  
  34  5:31  Stalker  
  36  5:44  Stalker  
  36  5:48  Stalker  
  40  5:53  Pylon  
  40  6:10  Stalker x2  
  44  6:16  Stalker  
Show
View Real Time Build Order
Export as new Build Order

DerZerFetzer Zerg - Winner!

Build Orders: Pool First 

Get SALT Encoding   

  12  0:01  Drone  
  13  0:08  Drone  
  14  0:15  Drone, Extractor  
  14  0:35  Spawning Pool  
  13  0:39  Drone  
  14  0:45  Overlord  
  14  0:58  Drone, Extractor  
  14  1:03  Drone  
  16  1:22  Zergling x2  
  16  1:23  Zergling x2  
  18  1:26  Roach Warren, Zergling x2  
  18  1:38  Queen  
  20  1:46  Overlord  
  20  2:06  Roach x3  
  26  2:32  Ravager x3  
  29  2:38  Overlord  
  29  2:43  Drone  
  30  2:53  Hatchery  
  29  3:01  Drone  
  30  3:08  Drone x2  
  32  3:17  Drone x2  
  33  4:07  Drone x4  
  37  4:10  Metabolic Boost  
  36  4:17  Hatchery  
  35  4:37  Drone x7  
  42  4:39  Lair  
  42  4:40  Drone  
  42  5:05  Zergling x4  
  42  5:06  Zergling x6  
  44  5:10  Overlord x3  
  44  5:16  Overlord  
  44  5:28  Queen  
  46  5:38  Drone x4  
  46  5:42  Overseer  
  50  5:51  Hydralisk Den  
  50  5:53  Drone  
  50  5:55  Zergling x8  
  54  6:02  Zergling x2  
  54  6:03  Zergling x2  
  56  6:04  Queen  
  60  6:12  Zergling x2  
  60  6:13  Zergling x8  
  60  6:15  Zergling x2  
Tags
 
Add a new tag
Caveats
  • Supply blocks, unpowered buildings, or Contaminate may cause inaccurate times.
  • Supply counts are checked every 10 seconds.